 Dungeon Crawl Stone Soup version 0.23-a0-481-g60b89c1 (webtiles) character file.

8 Elfdrinker the Ducker (level 2, 0/14 HPs)
             Began as a Felid Monk on Nov 29, 2018.
             Slain by a kobold (2 damage)
             ... on level 1 of the Dungeon.
             The game lasted 00:02:02 (498 turns).

Elfdrinker the Ducker (Felid Monk)                   Turns: 498, Time: 00:02:02

Health: 0/14       AC:  1    Str:  7    XL:     2   Next: 0%
Magic:  12/12      EV: 20    Int: 11    God:
Gold:   50         SH:  0    Dex: 18    Spells: 1/1 levels left
                                        Lives:  0   Deaths: 0

rFire    . . .     SeeInvis +     - Unarmed
rCold    . . .     Gourm    .   (shield unavailable)
rNeg     + . .     Faith    .   (armour unavailable)
rPois    .         Spirit   .   (helmet unavailable)
rElec    .         Reflect  .   (cloak unavailable)
rCorr    .         Harm     .   (gloves unavailable)
MR       .....                  (boots unavailable)
Stlth    +++.......             (no amulet)
HPRegen  0.04/turn              c - ring of positive energy
MPRegen  0.13/turn              e - ring of magical power

@: quick
A: very small, no armour, no weapons or thrown items, stealth, claws 1, fangs 3,
see invisible, carnivore, speed 1, shaggy fur 1, slow metabolism 1, sharp paws
a: no special abilities


You were on level 1 of the Dungeon.
You were not hungry.

You visited 1 branch of the dungeon, and saw 1 of its levels.

You collected 50 gold pieces.

Inventory:

Jewellery
 c - a ring of positive energy (left paw)
 e - a ring of magical power (right paw)
Comestibles
 a - 2 rations


   Skills:
 + Level 3.1 Fighting
 + Level 4.2 Dodging
 * Level 2.9 Stealth
 + Level 3.1 Unarmed Combat


You had one spell level left.
You didn't know any spells.
Your spell library was empty.

Dungeon Overview and Level Annotations

Branches:
Dungeon (1/15)

Altars:


Innate Abilities, Weirdness & Mutations

You cannot wear armour.
You are incapable of wielding weapons or throwing items.
Your paws allow you to move quietly. (Stealth)
You have sharp claws.
You have razor-sharp teeth.
You have supernaturally acute eyesight. (SInv)
You are carnivorous and can eat meat at any time.
You cover ground quickly.
You are covered in fur. (AC +1)
You have a slow metabolism.
Your sharp claws are effective at attacking unaware monsters.


Message History

It is a scroll of identify.
You don't have any unidentified items.
The jackal barely misses you.
You closely miss the jackal.
The jackal is moderately wounded.
The jackal closely misses you. The jackal barely misses you.
You scratch the jackal.
You kill the jackal!
You have reached level 2!
The kobold throws a stone.
The stone completely misses you. The kobold completely misses you.
You see here a jackal corpse.
You closely miss the kobold. The kobold barely misses you.
You closely miss the kobold. You barely miss the kobold. The kobold hits you.
* * * LOW HITPOINT WARNING * * *
You closely miss the kobold. The kobold barely misses you.
You scratch the kobold but do no damage.
The kobold hits you.
You die...

........# #.#.. ......
........####.#.## ######
##...#.......+..
#...#..####.#.#
#.......[...#.#
#....#######..#
##.............#
#.......######.#############.
#.#+#.#.# #..@K..(........
#.#.#.#'#### #.###.........#.
#.#........###.# ###....####
#.###......'.#.#####....# ..#
#......#.#....##....# #.#
#......#'####.##....# #.#
#.........†...##.K..#
#.###...........####.....
......#####.....#


You could see a kobold.

Vanquished Creatures
  2 bats (D:1)
  3 jackals (D:1)
  A kobold (D:1)
  A rat (D:1)
7 creatures vanquished.

Notes
Turn   | Place    | Note
-------+----------+-------------------------------------------
     0 | D:1      | Elfdrinker the Felid Monk began the quest for the Orb.
     0 | D:1      | Reached XP level 1. HP: 10/10 MP: 2/2
   492 | D:1      | Reached XP level 2. HP: 3/14 MP: 3/3
   498 | D:1      | Slain by a kobold

Vault maps used:
D:1:      psy_arrival_fountain, chequers_serial_rivers_micro_a,
          roderic_lattice_a

Action                   || total
-------------------------++-------
Melee: Unarmed           ||    27
       Bite              ||     1
  Use: Scroll            ||     3
 Stab: Sleeping          ||     2
Armor: Skin              ||     1
Dodge: Dodged            ||    24

Table legend:
 A = Non-vault XP
 B = Vault XP
 C = Vault XP percentage of total XP
 D = Non-vault monster count
 E = Vault monster count
 F = Vault count percentage of total count
                 A         B        C        D         E       F
            +---------+---------+-------+---------+---------+-------
      Total |      12 |       0 |   0.0 |       7 |       0 |   0.0
            +---------+---------+-------+---------+---------+-------
        D:1 |      12 |       0 |   0.0 |       7 |       0 |   0.0
            +---------+---------+-------+---------+---------+-------
